Map: Alcyone LE

Players

TerranYOUup - Winner!

  • Race: Terran Terran
  • League: Master
  • Spawn Location: 1:00

Haans

  • Race: Terran Terran
  • League: Grandmaster
  • Spawn Location: 7:00

VOD

Have the link to the VOD?

Description

Time

  • Played on: Nov. 18, 2024, 4:28 p.m.
  • Length: 16:09
Show
View Real Time Build Order
Export as new Build Order

TerranYOUup Terran - Winner!

Build Orders: Liberator Opening 

Get SALT Encoding   

  12  0:00  SCV  
  13  0:12  SCV  
  14  0:17  Supply Depot  
  14  0:24  SCV  
  15  0:30  Refinery  
  15  0:39  SCV  
  16  0:51  SCV  
  17  0:58  Barracks  
  17  0:59  Refinery  
  17  1:03  SCV  
  18  1:15  SCV  
  19  1:27  SCV  
  20  1:43  SCV  
  20  1:45  Factory  
  20  1:46  Barracks Tech Lab  
  21  1:55  Orbital Command  
  21  2:05  Marauder  
  23  2:09  Supply Depot  
  23  2:31  SCV  
  23  2:32  Starport  
  23  2:36  Siege Tank  
  27  2:43  SCV  
  28  2:49  Supply Depot  
  28  2:55  SCV  
  29  3:13  Command Center  
  29  3:17  Liberator  
  32  3:23  SCV  
  33  3:29  Supply Depot  
  33  3:46  Command Center  
  33  4:00  Liberator  
  35  4:09  Starport  
  35  4:13  Starport  
  35  4:17  SCV  
  36  4:29  SCV  
  37  4:42  Siege Tank  
  37  4:43  SCV  
  37  4:45  Liberator  
  41  5:03  Orbital Command x2  
  41  5:08  SCV  
  41  5:12  Starport Reactor x2  
  39  5:21  SCV  
  40  5:23  Refinery  
  40  5:24  Refinery  
  40  5:33  SCV  
  41  5:37  SCV x2  
  43  5:45  SCV  
  44  5:50  Viking x3  
  44  5:52  SCV  
  44  5:55  SCV  
  52  5:57  SCV  
  53  6:04  SCV  
  53  6:08  SCV  
  53  6:09  SCV  
  53  6:11  Siege Tank  
  56  6:16  SCV  
  57  6:20  SCV, Engineering Bay  
  57  6:21  SCV  
  59  6:28  SCV  
  59  6:29  Viking x2  
  59  6:32  SCV  
  65  6:33  SCV  
  65  6:38  Viking  
  65  6:39  Viking  
  70  6:43  SCV  
  70  6:44  SCV  
  70  6:46  SCV  
  73  6:55  SCV  
  73  6:56  Supply Depot, SCV  
  73  6:58  SCV  
  73  6:59  Supply Depot  
  76  7:01  Missile Turret  
  76  7:04  Supply Depot  
  76  7:06  Starport Tech Lab  
  76  7:07  SCV  
  77  7:15  Missile Turret  
  77  7:17  SCV x2, Viking x3  
  77  7:20  SCV, Viking  
  87  7:35  Siege Tank  
  87  7:36  SCV  
  91  7:37  SCV  
  92  7:48  Supply Depot x3  
  88  8:09  Viking x4  
  84  8:13  Siege Tank  
  74  8:22  SCV x2  
  76  8:29  Banshee  
  76  8:32  Orbital Command  
  79  8:38  SCV x2  
  79  8:39  Viking x4  
  89  8:46  Siege Tank  
  89  8:48  Refinery  
  92  8:50  SCV x2  
  92  8:53  Refinery  
  94  9:02  SCV  
  95  9:04  Factory  
  95  9:08  Factory  
  95  9:09  Factory  
  95  9:11  SCV x2  
  95  9:14  SCV  
  95  9:16  Cloaking Field  
  98  9:18  Banshee  
  98  9:23  SCV x2  
  103  9:26  SCV  
  103  9:28  Missile Turret  
  103  9:29  Missile Turret  
  104  9:31  Sensor Tower  
  104  9:35  SCV x2  
  106  9:38  SCV  
  106  9:40  Command Center  
  107  9:47  SCV x2, Factory Tech Lab  
  109  9:54  Factory  
  109  9:55  Factory  
  109  9:58  Armory x2  
  109  9:59  Factory  
  109  10:02  Factory Tech Lab  
  109  10:03  Factory Tech Lab  
  109  10:08  Supply Depot x2  
  109  10:12  Supply Depot  
  109  10:15  Supply Depot  
  109  10:18  Supply Depot  
  109  10:29  SCV x3  
  109  10:30  Siege Tank x2  
  109  10:31  Siege Tank  
  109  10:34  Infernal Pre-Igniter  
  121  10:41  SCV x3  
  112  10:53  Factory Reactor x3, SCV x2  
  112  10:54  Siege Tank  
  112  10:55  SCV  
  115  11:06  SCV  
  115  11:09  Banshee  
  116  11:15  SCV x2  
  116  11:18  SCV  
  119  11:20  Siege Tank x3  
  128  11:26  Sensor Tower  
  128  11:28  Refinery  
  128  11:30  SCV x3  
  128  11:31  Refinery  
  131  11:34  Sensor Tower  
  131  11:39  Command Center, Planetary Fortress  
  131  11:40  Command Center  
  131  11:42  SCV x2  
  131  11:43  SCV  
  134  11:51  Banshee  
  134  11:52  Hellion, Missile Turret  
  139  11:54  SCV x2  
  139  11:55  SCV  
  139  11:58  Terran Vehicle Weapons Level 1  
  139  11:59  Terran Vehicle And Ship Armor Level 1  
  142  12:06  Hellion x2, SCV  
  142  12:07  Hellion x3, SCV  
  154  12:13  SCV  
  155  12:19  SCV x2  
  157  12:25  SCV  
  157  12:29  Siege Tank  
  161  12:30  Siege Tank x2  
  161  12:35  Supply Depot  
  161  12:36  Supply Depot  
  164  12:39  Supply Depot x2  
  164  12:40  Hellion  
  164  12:41  Hellion  
  164  12:43  Siege Tank  
  172  12:51  Hellion x4  
  162  13:03  Siege Tank x3  
  162  13:04  Hellion x2  
  167  13:13  Command Center, Hellion x4  
  167  13:15  Siege Tank  
  170  13:25  Hellion  
  170  13:26  Hellion, Hurricane Engines, Smart Servos  
  174  13:27  SCV x2  
  174  13:28  SCV x2  
  180  13:34  Hellion  
  180  13:39  SCV  
  181  13:51  Siege Tank x4  
  181  13:52  Hellion x3  
  199  13:56  Planetary Fortress  
  199  13:59  Refinery, Missile Turret  
  199  14:01  Missile Turret  
  167  14:19  Hellion x2  
  167  14:23  Siege Tank x4  
  181  14:29  Hellion x4  
  177  14:32  Viking  
  177  14:41  Hellion x2, Planetary Fortress  
  174  14:52  Hellion x2  
  170  14:53  Hellion x2  
  170  14:55  Siege Tank x4  
  170  14:58  Banshee  
  170  14:59  Viking  
  127  15:00  Viking x2  
  176  15:02  Viking  
  182  15:08  Hellion  
  182  15:09  Hellion  
  182  15:14  Hellion  
  188  15:17  Hellion x3  
  188  15:19  SCV x3  
  188  15:20  SCV  
  198  15:23  Refinery  
  198  15:25  Refinery, Planetary Fortress  
  198  15:34  Command Center  
  180  15:35  Command Center  
  180  15:37  Command Center  
Show
View Real Time Build Order
Export as new Build Order

Haans Terran 

Build Orders:  

Get SALT Encoding   

  12  0:00  SCV  
  13  0:12  SCV  
  14  0:16  Supply Depot  
  14  0:24  SCV  
  15  0:38  SCV  
  15  0:39  Barracks  
  16  0:42  Refinery  
  16  0:50  SCV  
  16  0:52  Refinery  
  17  1:02  SCV  
  18  1:14  SCV  
  18  1:25  Supply Depot  
  18  1:30  Reaper  
  18  1:32  Orbital Command  
  19  1:45  Factory  
  19  1:59  SCV  
  20  2:02  Reaper  
  21  2:11  SCV  
  22  2:23  SCV  
  22  2:27  Command Center  
  23  2:34  Barracks Reactor  
  23  2:37  SCV  
  23  2:40  Factory Tech Lab  
  24  2:47  Supply Depot  
  24  2:50  SCV  
  25  3:02  Siege Tank  
  25  3:05  SCV  
  29  3:11  Starport  
  29  3:14  Marine x2  
  29  3:18  SCV  
  32  3:27  Refinery  
  32  3:30  SCV  
  32  3:31  Marine  
  32  3:32  Marine  
  35  3:37  Siege Tank  
  38  3:42  SCV  
  38  3:45  Orbital Command  
  38  3:48  Starport Tech Lab  
  39  3:57  SCV  
  38  4:03  Marine x2  
  38  4:08  Raven  
  38  4:09  SCV, Interference Matrix  
  43  4:13  SCV  
  44  4:21  SCV  
  44  4:22  Supply Depot  
  42  4:25  SCV  
  42  4:26  Siege Tank  
  43  4:40  Marine x2  
  45  4:51  SCV x2  
  47  5:03  SCV x2  
  48  5:15  Raven, Marine, SCV  
  48  5:16  Marine, SCV  
  54  5:23  Command Center  
  54  5:25  Siege Tank  
  57  5:31  SCV x2  
  59  5:40  Marine  
  59  5:41  Marine  
  61  5:43  SCV  
  61  5:46  Supply Depot x2  
  61  5:48  Refinery  
  62  5:53  SCV  
  61  6:06  SCV  
  61  6:07  Marine x2, SCV  
  61  6:08  Siege Tank  
  61  6:10  Raven  
  70  6:24  SCV x2  
  70  6:25  Marine x2  
  72  6:27  Supply Depot  
  72  6:29  Supply Depot  
  74  6:36  SCV x2  
  76  6:48  SCV  
  76  6:52  SCV  
  78  6:58  Siege Tank  
  78  7:00  SCV  
  82  7:04  Supply Depot x2, SCV  
  82  7:05  Orbital Command  
  83  7:09  Stimpack  
  83  7:11  Marine  
  83  7:14  SCV  
  85  7:16  SCV  
  85  7:20  Barracks x2  
  86  7:23  Viking  
  86  7:24  Viking  
  90  7:41  Marine  
  91  7:58  Siege Tank, Viking x2  
  94  7:59  Marine  
  89  8:14  SCV x2  
  89  8:16  Marine  
  89  8:17  Barracks Reactor x2  
  69  8:24  SCV  
  69  8:26  SCV  
  68  8:31  Siege Tank, Engineering Bay x2  
  68  8:32  Viking x2  
  75  8:34  Marine  
  75  8:35  SCV  
  75  8:36  SCV  
  75  8:38  SCV  
  79  8:47  SCV  
  80  8:48  SCV  
  80  8:49  Barracks, Combat Shield  
  80  8:50  Barracks, SCV  
  80  8:52  Marine  
  80  8:53  Marine  
  80  8:54  Supply Depot, Marine x2  
  86  8:58  Terran Infantry Armor Level 1, Terran Infantry Weapons Level 1  
  86  8:59  SCV  
  86  9:00  SCV  
  86  9:02  SCV  
  89  9:09  Medivac x2  
  93  9:10  Siege Tank  
  93  9:11  Marine x4, SCV  
  93  9:13  SCV  
  93  9:14  SCV  
  103  9:21  Missile Turret  
  103  9:22  Refinery  
  103  9:23  Refinery, SCV  
  104  9:25  Supply Depot, SCV  
  104  9:26  SCV  
  106  9:35  SCV  
  106  9:37  Factory, SCV  
  108  9:38  Command Center, SCV  
  109  9:48  Marine x3  
  109  9:49  Marine, Barracks Reactor x2  
  113  9:55  Barracks Tech Lab x2  
  113  9:58  Marauder  
  113  9:59  Siege Tank  
  119  10:00  SCV x3  
  119  10:06  Marine x2  
  123  10:08  Concussive Shells  
  123  10:12  SCV x3  
  126  10:14  Sensor Tower  
  126  10:18  Marauder x2  
  130  10:23  Barracks, Factory Tech Lab  
  130  10:24  Barracks, Medivac x2, SCV x3  
  130  10:25  Marine x2  
  130  10:26  Barracks, Marine x2  
  109  10:53  SCV x2  
  103  11:01  Missile Turret  
  103  11:02  Missile Turret x2  
  103  11:03  Missile Turret  
  100  11:04  Missile Turret  
  100  11:08  SCV x2  
  101  11:13  Marauder x2, Marine x3  
  101  11:14  Siege Tank x2, Marauder, Marine  
  116  11:20  Command Center, Barracks Tech Lab  
  116  11:21  Barracks Reactor, Barracks Tech Lab  
  116  11:23  Barracks Reactor  
  116  11:25  Planetary Fortress  
  116  11:31  Marine x2  
  118  11:33  Armory  
  118  11:35  Marauder x3, SCV x2  
  118  11:39  Marauder, Marine x2  
  130  11:41  Missile Turret  
  130  11:43  Missile Turret  
  130  11:51  Marine x2  
  130  11:53  Siege Tank  
  135  11:54  Siege Tank  
  135  11:56  Marauder x3  
  135  11:57  Marine x2  
  135  11:59  SCV x2  
  135  12:00  Marauder  
  150  12:08  Marine x3  
  150  12:09  Marine  
  150  12:10  Viking  
  150  12:15  Viking  
  156  12:21  Supply Depot x2  
  154  12:23  Command Center, Supply Depot  
  154  12:33  Marauder x3, Marine x3  
  154  12:34  Marauder  
  165  12:39  Terran Infantry Weapons Level 2, Terran Infantry Armor Level 2  
  165  12:40  Terran Vehicle Weapons Level 1  
  154  12:52  Viking x2  
  154  12:53  Siege Tank x2  
  130  13:09  Marauder x3, Marine  
  123  13:16  Marauder, Marine x3  
  123  13:17  SCV x2  
  130  13:20  Refinery  
  130  13:22  Refinery, Medivac x2  
  134  13:30  Marauder x2  
  134  13:34  Command Center  
  138  13:36  Marauder, Marine x3  
  138  13:37  Marauder  
  138  13:39  Marine x2  
  147  13:47  Orbital Command, Missile Turret  
  146  13:52  Marauder x2  
  150  14:08  Marauder x2, Marine  
  150  14:09  Marine x2  
  149  14:13  Marauder x2  
  149  14:15  Viking x2  
  149  14:16  Siege Tank x2  
  150  14:30  Marauder, Marine  
  150  14:31  Marauder  
  128  14:33  Marine x2  
  128  14:34  Marauder x2  
  131  14:41  Marine x2  
  130  14:50  Marine  
  130  14:51  Marine x5  
  130  14:52  Marauder x2, Liberator x2  
  116  14:56  Marauder x2  
  103  15:01  Marine x2  
  98  15:08  Marine x3  
  98  15:12  Thor  
  98  15:13  Orbital Command, Marauder x2  
  109  15:17  Marauder x2, Marine  
  109  15:18  Marine  
  112  15:26  Siege Tank  
  113  15:35  Marauder x2  
  97  15:54  SCV x4  
Tags
 
Add a new tag
Caveats
  • Supply blocks, unpowered buildings, or Contaminate may cause inaccurate times.
  • Supply counts are checked every 10 seconds.